 Dungeon Crawl Stone Soup version 0.26-a0-639-g72c4674329 (webtiles) character file.

Game seed: 16620142160890385174

64 DogServant the Skirmisher (level 4, -25/29 HPs)
             Began as a Gargoyle Fighter on Sept 15, 2020.
             Engulfed by a cloud of flame (28 damage)
             ... on level 3 of the Dungeon.
             The game lasted 00:02:19 (2212 turns).

DogServant the Skirmisher (Gargoyle Fighter)        Turns: 2212, Time: 00:02:22

Health: -25/29     AC: 10    Str: 20    XL:     4   Next: 12%
Magic:  4/4        EV:  7    Int:  9    God:
Gold:   63         SH: 10    Dex:  9    Spells: 3/3 levels left

rFire    . . .     SeeInvis .   a - +1 flail
rCold    . . .     Faith    .   c - +1 kite shield
rNeg     + . .     Spirit   .   b - +0 scale mail
rPois    ∞         Reflect  .   (no helmet)
rElec    +         Harm     .   (no cloak)
rCorr    .         Rampage  .   (no gloves)
MR       .....                  (no boots)
Stlth    ..........             (no amulet)
HPRegen  0.09/turn              (no ring)
MPRegen  0.09/turn              (no ring)

@: no status effects
A: negative energy resistance 1, electricity resistance, unbreathing,
petrification resistance, rot immunity, AC +3
a: no special abilities


You were on level 3 of the Dungeon.
You visited 1 branch of the dungeon, and saw 3 of its levels.

You collected 63 gold pieces.

Inventory:

Hand Weapons
 a - a +1 flail (weapon)
Armour
 b - a +0 scale mail (worn)
 c - a +1 kite shield (worn)
 f - a +0 pair of gloves
Jewellery
 i - a cursed +6 ring of dexterity {unknown}
Scrolls
 e - 2 scrolls of identify
 m - 2 scrolls of remove curse
Potions
 d - a potion of might
 g - a potion of curing
 n - a potion of ambrosia {unknown}


   Skills:
 + Level 4.1 Fighting
 + Level 2.9 Maces & Flails
 - Level 3.2 Armour
 + Level 4.1 Shields


You had 3 spell levels left.
You didn't know any spells.
Your spell library was empty.

Dungeon Overview and Level Annotations

Branches:
Dungeon (3/15)

Altars:
Trog


Innate Abilities, Weirdness & Mutations

You are resistant to torment.
Your stone body is resilient. (AC +3)
You are immune to poison.
You resist negative energy. (rN+)
You are resistant to electric shocks. (rElec)
You can survive without breathing.
You are immune to petrification.
You are immune to rotting.


Message History

It is a scroll of enchant armour.
Your +0 kite shield glows green for a moment.
As you read the scroll labeled PAUMAN AB TAE, it crumbles to dust.
You feel blessed for a moment.
It was a scroll of remove curse.
Your surroundings suddenly seem different.
A rat comes into view.
Found a potion of might, 2 purple potions and 10 stones.
Found an escape hatch in the floor.
Okay, then.
As you read the scroll labeled PAMPUG WUTOWKA, it crumbles to dust.
The creatures around you are filled with an inner flame!
It was a scroll of immolation.
You block the rat's attack.
You sock the rat!
The rat explodes!
The fiery explosion engulfs you!!
Ouch! That really hurt!
* * * LOW HITPOINT WARNING * * *
You are engulfed in blazing flames.
Ouch! That really hurt!
You die...

##.# ...#
#..##
.... #..#
#§§#
#.###§.#
#....@§#
#!!.>.##
#......#
#.#....##
. #.#.#
#.#( # #.
#.


There were no monsters in sight!

Vanquished Creatures
  An adder (D:2)
  An ooze (D:2)
  An adder zombie (D:1)
  2 worms (D:2)
  A dart slug (D:2)
  2 leopard geckos
  A bat zombie (D:1)
  2 giant cockroaches
  5 hobgoblins
  4 bats
  A frilled lizard (D:2)
  5 goblins
  4 kobolds
  8 rats
38 creatures vanquished.

Vanquished Creatures (others)
  5 plants (D:2)
5 creatures vanquished.

Grand Total: 43 creatures vanquished

Notes
Turn   | Place    | Note
-------+----------+-------------------------------------------
     0 | D:1      | DogServant the Gargoyle Fighter began the quest for the
                  | Orb.
     0 | D:1      | Reached XP level 1. HP: 14/14 MP: 1/1
   546 | D:1      | Reached XP level 2. HP: 16/19 MP: 2/2
  1463 | D:2      | Reached XP level 3. HP: 23/24 MP: 3/3
  1684 | D:2      | Found a bloodstained altar of Trog.
  1816 | D:2      | Reached XP level 4. HP: 29/29 MP: 4/4
  2063 | D:2      | Found a faded altar of an unknown god.
  2212 | D:3      | Engulfed by a cloud of flame

Illustrated notes

Levels and vault maps discovered:
D:1:      saegor_arrival_fortress, layout_basic, amethyst_killhole
D:2:      layout_basic, old_standard_altar, chequers_ecumenical_altar_grove,
          serial_bayou_pond_c
D:3:      layout_loops_ring, lemuel_crystal_altar, okawaru_gym_becter,
          gup_sewer_entry_spiral, makhleb_blood_cavern_becter, uniq_natasha,
          uniq_terence

Skill      XL: |  1  2  3 |
---------------+----------+-----
Shields        | 4 |  4.1
Fighting       | 4 |  4.1
Maces & Flails | |  2.9
Armour         | |  3.2

Action                   |  1- 3 |  4- 6 || total
-------------------------+-------+-------++-------
Melee: Flail             |   110 |    10 ||   120
  Use: Scroll            |       |     7 ||     7
Armor: Scale mail        |    61 |     7 ||    68
Dodge: Dodged            |    38 |     1 ||    39
Block: Kite shield       |    50 |     7 ||    57

Table legend: (Time is in decaauts)
 A = Elapsed time spent in this place.
 B = Non-inter-level travel time spent in this place.
 C = Inter-level travel time spent in this place.
 D = Time resting spent in this place.
 E = Time spent auto-exploring this place.
 F = Levels seen in this place.
 G = Mean time per level.
                   A        B        C        D        E       F      G
               +--------+--------+--------+--------+--------+-----+--------+
         Total |   2253 |   2194 |     59 |    437 |   1461 |   3 |  751.0 |
       Dungeon |   2253 |   2194 |     59 |    437 |   1461 |   3 |  751.0 |
               +--------+--------+--------+--------+--------+-----+--------+

Top non-repeatable levels by time:
     D:1: 1475 daAuts
     D:2: 761 daAuts
     D:3: 17 daAuts
